 Dungeon Crawl Stone Soup version 0.21.1-1-g345015f (webtiles) character file.

1546 troglodite the Skirmisher (level 8, -2/64 HPs)
             Began as a Demonspawn Berserker on July 26, 2018.
             Was a High Priest of Trog.
             Slain by a sky beast (5 damage)
             ... on level 6 of the Dungeon.
             The game lasted 00:17:40 (4836 turns).

troglodite the Skirmisher (Demonspawn Berserker)    Turns: 4836, Time: 00:17:41

Health: -2/64      AC: 12    Str: 17    XL:     8   Next: 57%
Magic:  0/8        EV:  8    Int:  9    God:    Trog [*****.]
Gold:   293        SH:  6    Dex: 15    Spells: 7/7 levels left

rFire    . . .     SeeInvis .   a - +0 falchion
rCold    + . .     Gourm    .   j - +1 buckler
rNeg     . . .     Faith    +   x - +0 plate armour
rPois    .         Spirit   +   (no helmet)
rElec    .         Reflect  .   d - scarf {Spirit}
rCorr    .         Harm     .   (no gloves)
MR       .....                  (no boots)
Stlth    ..........             e - amulet of faith
HPRegen  0.20/turn              g - ring of protection from cold
MPRegen  0.11/turn              (no ring)

@: berserk cooldown, slowed, very slow
A: hooves 1, powered by death 2, sturdy frame 1
a: Berserk, Trog's Hand, Brothers in Arms, Burn Spellbooks, Renounce Religion


You were on level 6 of the Dungeon.
You worshipped Trog.
Trog was extremely pleased with you.
You were hungry.

You visited 1 branch of the dungeon, and saw 6 of its levels.
You also visited: Sewer.

You collected 342 gold pieces.
You spent 49 gold pieces at shops.

Inventory:

Hand Weapons
 a - a +0 falchion (weapon)
Armour
 d - a scarf of spirit shield (worn)
 j - a +1 buckler (worn)
 n - a +0 cloak
 x - a +0 plate armour (worn)
Jewellery
 e - an amulet of faith (around neck)
 g - a ring of protection from cold (left hand)
 D - a cursed amulet of inaccuracy {unknown}
Wands
 u - a wand of random effects (35)
 w - a wand of iceblast (9)
 A - a wand of digging (14)
Scrolls
 b - a scroll of magic mapping
 f - 3 scrolls of remove curse
 h - 6 scrolls of identify
 i - a scroll of enchant armour
 k - 5 scrolls of teleportation
 q - 2 scrolls of enchant weapon {unknown}
 s - 3 scrolls of amnesia {unknown}
 v - 2 scrolls of fog {unknown}
 y - a scroll of fear {unknown}
 z - a scroll of blinking {unknown}
Potions
 l - a potion of resistance {unknown}
 m - 2 potions of berserk rage
 o - 2 potions of brilliance {unknown}
 p - 3 potions of agility {unknown}
 r - 3 potions of curing
 t - 5 potions of heal wounds
 B - a potion of flight {unknown}
 C - a potion of magic {unknown}
Comestibles
 c - 8 rations


   Skills:
 * Level 5.7 Fighting
 + Level 5.6 Long Blades
 * Level 5.1 Armour
 * Level 4.2 Dodging
 + Level 0.2 Stealth
 * Level 3.2 Shields


You had 7 spell levels left.
You didn't know any spells.

Dungeon Overview and Level Annotations

Branches:
Dungeon (6/15)
 Temple: D:4-7

Altars:
Cheibriados
Okawaru
Ru
Zin

Shops:
D:4 ?


Innate Abilities, Weirdness & Mutations

You have large cloven feet.
You regenerate health from kills.
Your movements are slightly less encumbered by armour. (ER -2)


Message History

* * * LOW HITPOINT WARNING * * *
Unknown command.
You are too injured to fight recklessly!
Unknown command.
You are too injured to fight recklessly!
You are too injured to fight recklessly!
You are too injured to fight recklessly!
Unknown command.
You hit the ogre. Your kick misses the ogre.
The ogre is lightly wounded.
Something hits you.
* * * LOW HITPOINT WARNING * * *
Something shocks you.
* * * LOW HITPOINT WARNING * * *
The ogre hits you with a giant club!
* * * LOW HITPOINT WARNING * * *
Something hits you.
* * * LOW HITPOINT WARNING * * *
Something shocks you.
You die...

...##+###.....#
............###
............#
............#
............#
............#
............#########
######...............
#......@........
#......O{.......
#...............
#...............
#...............
##........###+#.
#........# ..........


You could see an ogre.

Vanquished Creatures
  Grinder (D:6)
  Eustachio (D:4)
  A sky beast (D:6)
  An ogre (D:4)
  2 scorpions (D:5)
  2 howler monkeys
  2 crimson imps (D:5)
  Crazy Yiuf (D:2)
  A gnoll shaman (D:5)
  3 orc priests
  An iguana (D:5)
  Ijyb (D:4)
  2 orc wizards (D:5)
  5 worker ants
  10 gnolls
  14 adders
  2 river rats (Sewer)
  An ooze (Sewer)
  An adder skeleton (D:4)
  2 worms
  A dart slug (D:2)
  2 leopard geckos
  13 orcs
  4 ball pythons (Sewer)
  16 giant cockroaches
  5 goblins
  8 hobgoblins
  14 jackals
  14 bats
  3 frilled lizards
  A jackal zombie (D:5)
  22 kobolds
  33 rats
190 creatures vanquished.

Notes
Turn   | Place    | Note
-------+----------+-------------------------------------------
     0 | D:1      | troglodite the Demonspawn Berserker began the quest for the Orb.
     0 | D:1      | Reached XP level 1. HP: 18/18 MP: 1/1
    50 | D:1      | Gained mutation: You regenerate a little health from kills. [demonic ancestry]
    50 | D:1      | Reached XP level 2. HP: 19/24 MP: 2/2
   235 | D:1      | Reached ** piety under Trog
   238 | D:1      | Gained mutation: Your movements are slightly less encumbered by armour. (ER -2) [demonic ancestry]
   238 | D:1      | Reached XP level 3. HP: 29/29 MP: 3/3
   723 | D:2      | Found a glowing silver altar of Zin.
   931 | D:2      | Found a runed door.
  1111 | D:2      | Noticed Crazy Yiuf
  1115 | D:2      | Killed Crazy Yiuf
  1115 | D:2      | Reached XP level 4. HP: 37/37 MP: 4/4
  1405 | D:3      | Found a snail-covered altar of Cheibriados.
  1589 | D:3      | Reached *** piety under Trog
  1601 | D:3      | Gained mutation: You regenerate health from kills. [demonic ancestry]
  1601 | D:3      | Reached XP level 5. HP: 38/42 MP: 5/5
  1647 | D:3      | Found a glowing drain.
  1658 | Sewer    | Entered a sewer
  1695 | Sewer    | Reached skill level 1 in Shields
  2049 | Sewer    | Reached **** piety under Trog
  2591 | D:3      | Gained mutation: You have large cloven feet. [demonic ancestry]
  2591 | D:3      | Reached XP level 6. HP: 48/48 MP: 6/6
  2876 | D:3      | Received a gift from Trog
  3224 | D:4      | Found a sacrificial altar of Ru.
  3349 | D:4      | Reached XP level 7. HP: 55/55 MP: 7/7
  3351 | D:4      | Noticed Eustachio
  3365 | D:5      | Entered Level 5 of the Dungeon
  3567 | D:4      | Killed Eustachio
  3613 | D:4      | Noticed Ijyb
  3641 | D:4      | Killed Ijyb
  3655 | D:4      | Found Fokko's Magic Scroll Emporium.
  3665 | D:4      | Bought a scroll of magic mapping for 49 gold pieces
  3965 | D:5      | Reached skill level 5 in Fighting
  4103 | D:5      | Reached ***** piety under Trog
  4256 | D:5      | Reached XP level 8. HP: 62/62 MP: 8/8
  4259 | D:5      | Reached skill level 5 in Long Blades
  4564 | D:5      | Found an iron altar of Okawaru.
  4820 | D:6      | Noticed Grinder
  4834 | D:6      | Killed Grinder
  4834 | D:6      | Reached skill level 5 in Armour
  4836 | D:6      | HP: 3/64 [something (1)]
  4836 | D:6      | Slain by a sky beast

Skill      XL: |  1  2  3  4  5  6  7  8 |
---------------+-------------------------+-----
Dodging        | 2 3 4 |  4.2
Armour         | 2 3 4 5 |  5.1
Long Blades    | 3 4 5 |  5.6
Shields        | 1 2 3 |  3.2
Fighting       | 4 5 |  5.7
Stealth        | |  0.2

Action                   |  1- 3 |  4- 6 |  7- 9 || total
-------------------------+-------+-------+-------++-------
Melee: Falchion          |   165 |   249 |   233 ||   647
       Kick              |       |    15 |    72 ||    87
Invok: Berserk           |     4 |     8 |     5 ||    17
  Use: Scroll            |       |     6 |       ||     6
  Eat: Chunk             |     3 |    16 |    10 ||    29
Armor: Animal skin       |    10 |       |       ||    10
       Ring mail         |    93 |    84 |       ||   177
       Plate armour      |       |    17 |   135 ||   152
Dodge: Dodged            |   126 |   150 |    81 ||   357
Block: Buckler           |    16 |    87 |    49 ||   152
       Rpst.: Falchion   |    34 |    49 |    16 ||    99
